 Dungeon Crawl Stone Soup version 0.19.0-19-g8c6edcc (webtiles) character file.

102 Gargoyl the Skirmisher (level 4, -2/37 HPs)
             Began as a Demonspawn Abyssal Knight on Nov 16, 2016.
             Was a Follower of Lugonu.
             Killed from afar by an orc wizard (4 damage)
             ... with a puff of frost
             ... on level 3 of the Dungeon.
             The game lasted 00:04:12 (2898 turns).

Gargoyl the Skirmisher (Demonspawn Abyssal Knight)  Turns: 2898, Time: 00:04:12

Health: -2/37      AC:  5    Str: 13    XL:     4   Next: 50%
Magic:  5/5        EV:  8    Int: 13    God:    Lugonu [*.....]
Gold:   65         SH:  7    Dex: 16    Spells: 0 memorised, 3 levels left

rFire  + + .     SeeInvis .     a - +1 hand axe
rCold  + . .     Gourm    .     g - +0 ring mail
rNeg   . . .     Faith    .     f - +0 shield
rPois  +         Spirit   .     (no helmet)
rElec  +         Reflect  .     (no cloak)
rCorr  +         Harm     .     (no gloves)
MR     .....                    (no boots)
Stlth  +.........               (no amulet)
                                (no ring)
                                d - +3 ring of dexterity

@: resistant
A: hooves 1, fire resistance 1, powered by death 1
a: Depart the Abyss, Renounce Religion


You were on level 3 of the Dungeon.
You worshipped Lugonu.
Lugonu was aware of your devotion.
You were not hungry.

You visited 1 branch of the dungeon, and saw 3 of its levels.
You visited the Abyss 1 time.

You collected 65 gold pieces.

Inventory:

Hand Weapons
 a - a +1 hand axe (weapon)
Armour
 f - a +0 shield (worn)
 g - a +0 ring mail (worn)
Jewellery
 b - a cursed ring of loudness {unknown}
 d - a +3 ring of dexterity (left hand)
Scrolls
 h - a scroll of identify {unknown}
 n - a scroll of teleportation {unknown}
Potions
 e - a potion of cure mutation
 k - a potion of might
 m - a potion of curing {unknown}
 o - a potion of degeneration {unknown}
Comestibles
 c - a bread ration
 i - 2 meat rations


   Skills:
 + Level 3.7 Fighting
 + Level 2.5 Axes
 + Level 2.9 Armour
 + Level 1.1 Dodging
 + Level 1.0 Shields
 + Level 2.5 Invocations


You had 3 spell levels left.
You didn't know any spells.

Dungeon Overview and Level Annotations

Branches:
Dungeon (3/15)

Altars:
Okawaru


Innate Abilities, Weirdness & Mutations

You have large cloven feet.
Your flesh is heat resistant. (rF+)
You regenerate a little health from kills.


Message History

You closely miss the orc wizard.
The orc priest mumbles some strange prayers to Beogh against you.
Beogh smites you!
* * * LOW HITPOINT WARNING * * *
The orc wizard hits you with a dagger.
* * * LOW HITPOINT WARNING * * *
The orc hits you but does no damage. You block the orc priest's attack.
The orc priest hits you with a dagger.
* * * LOW HITPOINT WARNING * * *
It was a potion of resistance.
You feel protected.
The orc wizard hits you but does no damage.
You block the orc's attack.
The orc wizard hits you but does no damage.
The orc priest hits you but does no damage.
The orc priest looks encouraged for a moment.
Okay, then.
The orc wizard gestures at you while chanting.
The puff of frost hits you! You resist.
You die...

...#.#
...#.#
.....##
#.....###
####$.....$.
.$.....(###
#ooo......
#.##o.#
#....@#
##.##.# #
).# ####


You could see 2 orc priests, an orc wizard and an orc.

Vanquished Creatures
  Jessica (D:2)
  2 adders (D:2)
  4 worms (D:2)
  2 dart slugs (D:2)
  An orc (D:3)
  A giant cockroach (D:1)
  8 goblins
  5 hobgoblins
  6 bats
  2 frilled lizards (D:2)
  7 kobolds
  6 rats
45 creatures vanquished.

Notes
Turn   | Place    | Note
-------+----------+-------------------------------------------
     0 | Abyss:1  | Gargoyl the Demonspawn Abyssal Knight began the quest for the Orb.
     0 | Abyss:1  | Reached XP level 1. HP: 18/18 MP: 2/2
     1 | Abyss:1  | Found a corrupted altar of Lugonu.
    93 | Abyss:2  | Noticed a large abomination
   123 | Abyss:2  | Noticed a starcursed mass
   124 | D:1      | Escaped the Abyss
   487 | D:1      | Reached skill level 1 in Dodging
   491 | D:1      | Gained mutation: You regenerate a little health from kills. [demonic ancestry]
   491 | D:1      | Reached XP level 2. HP: 4/24 MP: 3/3
   492 | D:1      | Reached * piety under Lugonu
  1143 | D:2      | Gained mutation: Your flesh is heat resistant. (rF+) [demonic ancestry]
  1143 | D:2      | Reached XP level 3. HP: 8/29 MP: 4/4
  1687 | D:2      | Noticed Jessica
  1693 | D:2      | Killed Jessica
  1740 | D:2      | Gained mutation: You have large cloven feet. [demonic ancestry]
  1740 | D:2      | Reached XP level 4. HP: 26/36 MP: 5/5
  1989 | D:2      | Found an iron altar of Okawaru.
  2278 | D:2      | Reached skill level 1 in Shields
  2898 | D:3      | Killed from afar by an orc wizard

Skill      XL: |  1  2  3  4 |
---------------+-------------+-----
Dodging        | 1 |  1.1
Axes           | 2 |  2.5
Armour         | 2 |  2.9
Shields        | 1 |  1.0
Fighting       | |  3.7
Invocations    | |  2.5

Action                   |  1- 3 |  4- 6 || total
-------------------------+-------+-------++-------
Melee: Hand axe          |   107 |    71 ||   178
       Kick              |       |    24 ||    24
Invok: Depart the Abyss  |     1 |       ||     1
  Use: Potion            |     2 |     1 ||     3
  Eat: Chunk             |     3 |     4 ||     7
Armor: Leather armour    |    16 |       ||    16
       Ring mail         |    27 |    20 ||    47
Dodge: Dodged            |    54 |    19 ||    73
Block: Shield            |    46 |    25 ||    71
